Unix NetHack Version 3.7.0-88 Work-in-progress - last build Aug 21 2023 04:08:40 (b68ccb3e4f8f5dcb83e1e40b1ff56e7dffd4cd28,branch:master). Game began 2023-08-27 21:32:57, ended 2023-08-28 05:55:31. Arasaka, neutral female human Monk }}}}}}}.}.}} .........`...)..} }}}}}...............%%.%....... ..............!......)%)%......... ... ~~.................)....%[............. ...... ..w......!............%..<....................... ...... .........(}}}}}}}}}}}}}}}}}}..........`..... .............}}}}}}}}}}}}}}}}}}}}}}}}}}}............ ...% ......}}}}}}}}}}}}}}}}}}}}}}}}}}}}}}}}......%... ... .......}}}}}}}}}}}}}}}}}}}}}}}}}}}}}}}}.%...).... ....e...}}}}}}}}}}}}}}}}}}}}}}}}}}}}}}}}.......... ....@O....}}}}}}}}}}}}}}}}}}}}}}}}}}}...%......... .....%.........}}}}}}}}}}}}}}}}}}................ .............>.........F........................ .........................................^.... }...........^.........^................. ... }}}}}}................................ }}}}}}}}}}}}}................}}}}}}} }}}}}}}}}}}}}}}}}}}}}}}}}}}}}}} Arasaka the Student of Stones St:18 Dx:14 Co:17 In:7 Wi:16 Ch:10 Neutral Dlvl:11 $:101 HP:0(65) Pw:65(65) AC:-5 Xp:11/10757 T:9183 Latest messages: Your leg feels better. You hit the floating eye! You are frozen by the floating eye's gaze! The ogre picks up a ring mail. The ogre picks up a mummy wrapping. The ogre puts on a mummy wrapping. The ogre zaps a wand of magic missile! The magic missile whizzes by you! The ogre zaps a wand of magic missile! The magic missile whizzes by you! The ogre zaps a wand of magic missile! The magic missile whizzes by you! The ogre zaps a wand of magic missile! The magic missile whizzes by you! The ogre wields a crude short sword! The ogre thrusts his crude short sword. The ogre misses! The ogre thrusts his crude short sword. The ogre hits! The ogre thrusts his crude short sword. The ogre just misses! The ogre thrusts his crude short sword. The ogre hits! The ogre thrusts his crude short sword. The ogre hits! The ogre thrusts his crude short sword. The ogre hits! The ogre thrusts his crude short sword. The ogre hits! The ogre thrusts his crude short sword. The ogre misses! The ogre thrusts his crude short sword. The ogre just misses! The ogre thrusts his crude short sword. The ogre hits! The ogre thrusts his crude short sword. The ogre hits! The ogre thrusts his crude short sword. The ogre hits! The ogre thrusts his crude short sword. The ogre hits! The ogre thrusts his crude short sword. The ogre hits! The ogre thrusts his crude short sword. The ogre hits! The ogre thrusts his crude short sword. The ogre hits! The ogre thrusts his crude short sword. The ogre hits! You die... Inventory: Coins ('$') $ - 101 gold pieces Amulets ('"') K - the blessed Eye of the Aethiopica (being worn) Armor ('[') H - an uncursed +0 elven leather helm a - a blessed +2 pair of leather gloves (being worn) I - a blessed fireproof +4 pair of speed boots (being worn) b - a blessed fireproof +1 robe (being worn) Comestibles ('%') h - an uncursed K-ration P - an uncursed cockatrice corpse o - an uncursed lizard corpse Scrolls ('?') l - a cursed scroll of blank paper r - an uncursed scroll of enchant weapon Rings ('=') g - an uncursed +1 ring of protection (on left hand) Wands ('/') Q - an uncursed wand of cancellation (0:4) C - an uncursed wand of fire (0:3) t - an uncursed wand of light (0:12) j - an uncursed wand of secret door detection (0:14) Tools ('(') z - a blessed greased bag of holding containing 30 items m - an uncursed magic whistle L - an uncursed magic whistle n - a blessed oil lamp (lit) q - an uncursed +0 pick-axe s - an uncursed skeleton key k - an uncursed towel Gems/Stones ('*') D - an uncursed worthless piece of black glass v - a blessed luckstone Contents of the bag of holding: 2383 gold pieces an uncursed amulet of reflection a blessed +0 pair of gauntlets of dexterity an uncursed +0 Hawaiian shirt with a parrot motif an uncursed +0 Hawaiian shirt with a water nymph motif 2 uncursed cloves of garlic 4 uncursed food rations 6 uncursed food rations 3 uncursed tripe rations an uncursed tin of raven meat an uncursed scroll of create monster a cursed scroll of create monster an uncursed scroll of destroy armor 3 blessed scrolls of identify an uncursed potion of extra healing a cursed potion of extra healing a cursed potion of gain ability an uncursed potion of levitation an uncursed potion of speed 2 potions of holy water an uncursed potion of water a cursed ring of levitation an uncursed ring of protection from shape changers an uncursed wand of cold (0:4) an uncursed wand of death (0:3) an uncursed wand of digging (0:3) an uncursed wand of magic missile (0:1) an uncursed wand of polymorph (0:4) an uncursed wand of striking (0:8) a cursed wand of striking (0:4) Arasaka the Monk's attributes: Background: You were a Student of Stones, a level 11 female human Monk. You were neutral, on a mission for Chih Sung-tzu who was opposed by Shan Lai Ching (lawful) and Huan Ti (chaotic). You were in the Dungeons of Doom, on level 11, a very big room. You entered the dungeon 9183 turns ago. It was nighttime. You had 10757 experience points, 9243 more were needed to attain level 12. Basics: You had 0 out of 65 hit points. You had all 65 energy points (spell power). Your armor class was -5. Your wallet contained 101 zorkmids, and you had 2383 more stashed away in your pack. Autopickup was on for '$"?' plus thrown, with exceptions. Final Characteristics: Your strength was 18 (limit:18/100). Your dexterity was 14 (limit:18). Your constitution was 17 (limit:18). Your intelligence was 7 (limit:18). Your wisdom was 16 (limit:18). Your charisma was 10 (limit:18). Final Status: You were not hungry. You were unencumbered. You were empty handed. You had master skill with martial arts. Final Attributes: You were piously aligned. You were magic-protected. You were fire resistant. You were cold resistant. You were sleep resistant. You were poison resistant. You saw invisible. You were telepathic. You were warned. You had automatic searching. You were stealthy. You had a small defense bonus (+4). You were protected. You took half spell damage. You were very fast. You were lucky. You had extra luck. Good luck did not time out for you. You are dead. Miscellaneous: You disabled loading of bones levels. Total elapsed playing time was 1 hour, 39 minutes and 11 seconds. Major events: Turn 1: Arasaka the neutral female human Monk entered the dungeon 472: entered the Gnomish Mines 507: attained the rank of Novice (level 3) 615: reached Mine Town 1056: attained the rank of Initiate (level 6) 3126: made her first wish - "the blessed eye of the aethiopica", got "a circular amulet named the Eye of the Aethiopica" 4203: acquired the Mines' End luckstone 5059: wished for "blessed fixed +2 speed boots", got "a pair of buckled boots" 5544: entered Sokoban 5748: completed 1st Sokoban level 6155: completed 2nd Sokoban level 6427: completed 3rd Sokoban level 7022: completed 4th Sokoban level 7101: attained the rank of Student of Stones (level 10) 7136: acquired the Sokoban amulet of reflection 7328: wished for "blessed greased bag of holding", got "a greased bag" 8688: entered the Bigroom 9183: killed by an ogre, while frozen by a floating eye's gaze Vanquished creatures: a giant mimic a wumpus a stalker a hill giant a warg 2 ettin mummies an ogre leader a quantum mechanic 2 wood golems a djinni a freezing sphere a flaming sphere 2 gargoyles an ochre jelly a mountain centaur 3 elf mummies a pit viper 3 wraiths a carnivorous ape 3 soldiers a chameleon a crocodile a quivering blob 3 cockatrices a winter wolf cub an iron piercer a mumak 2 giant spiders a horse a black light 4 gnome rulers a brown pudding a rust monster 2 yetis a lizard a dingo a dog a jaguar a dwarf leader 3 gnome mummies 5 human zombies a Woodland-elf a soldier ant a bugbear a quasit 2 wood nymphs 14 Uruk-hai an orc shaman 4 rock piercers 3 rock moles 2 ponies a fog cloud a yellow light a shrieker a violet fungus 12 gnome leaders 5 gnomish wizards 2 kobold mummies 4 barrow wights 2 elf zombies a ghoul a straw golem 7 giant ants 2 floating eyes 16 dwarves 3 homunculi a rabid rat a centipede 2 giant bats 5 iguanas 11 killer bees 4 coyotes a gas spore 6 hobbits a large kobold a hobgoblin 2 giant rats 3 cave spiders a brown mold 3 yellow molds 54 gnomes a garter snake a gnome zombie a gecko 3 jackals a fox a kobold 2 goblins 4 sewer rats 8 grid bugs 3 bats 5 lichens 5 newts 283 creatures vanquished. No species were genocided or became extinct. Voluntary challenges: You read items or engraved 26 times. You engraved Elbereth 4 times. You never genocided any monsters. You never polymorphed an object. You never changed form. You used 3 wishes (1 for an artifact). You violated the special Sokoban rules once. Achievements: You entered the Gnomish Mines. You attained the rank of Novice. You entered Minetown. You entered a shop. You entered a temple. You attained the rank of Initiate. You completed the Gnomish Mines. You entered Sokoban. You attained the rank of Student of Stones. You completed Sokoban. You entered the Big Room. The Dungeons of Doom: levels 1 to 11 Level 1: Level 2: A fountain, a grave. Stairs down to The Gnomish Mines. Level 3: A shop. Level 4: "s" A scroll shop. Level 5: Level 6: "v" Stairs up to Sokoban, level 5. Level 7: A general store. Level 8: Level 9: A sink. Level 10: Some fountains, a sink. Level 11: <- You were here. A very big room. Final resting place for you, killed by an ogre, while frozen by a floating eye's gaze. The Gnomish Mines: levels 3 to 10 Level 3: Level 4: Level 5: "book" Many shops, a temple to Chih Sung-tzu, some fountains. Level 6: Level 7: Level 8: Level 9: Level 10: A fountain. Sokoban: levels 5 up to 2 Level 2: Solved. Level 3: Solved. Level 4: Solved. Level 5: Solved. Game over: ---------- / \ / REST \ / IN \ / PEACE \ / \ | Arasaka | | 2484 Au | | killed by an | | ogre | | | | | | 2023 | *| * * * | * _________)/\\_//(\/(/\)/\//\/|_)_______ Goodbye Arasaka the Monk... You died in The Dungeons of Doom on dungeon level 11 with 28520 points, and 2484 pieces of gold, after 9183 moves. You were level 11 with a maximum of 65 hit points when you died.